 Dungeon Crawl Stone Soup version 0.27-a0-1186-g8b4daa1eef (webtiles) character file.

Game seed: 8409518686167236466

10176 Wyvernaa the Basher (level 11, -1/66 HPs)
             Began as a Gargoyle Fighter on May 20, 2021.
             Was a Believer of the Shining One.
             Slain by a small abomination (14 damage)
             ... in a Gauntlet.
             The game lasted 00:37:03 (13543 turns).

Wyvernaa the Basher (Gargoyle Fighter)             Turns: 13543, Time: 00:37:04

Health: -1/66      AC: 23    Str: 22    XL:     11   Next: 58%
Magic:  14/14      EV: 11    Int:  9    God:    the Shining One [**....]
Gold:   586        SH: 12    Dex: 10    Spells: 10/10 levels left

rFire    . . .     SeeInvis +   a - +2 flail (flame)
rCold    + . .     Faith    .   c - +0 kite shield
rNeg     + + .     Spirit   .   I - +4 ring mail
rPois    ∞         Reflect  .   m - +0 helmet
rElec    +         Harm     .   E - +1 cloak {Stlth+}
rCorr    .         Rampage  .   (no gloves)
Will     .....     NoTele   +   G - +0 pair of boots
Stlth    +.........             r - amulet of the acrobat
HPRegen  0.21/turn              j - ring of see invisible
MPRegen  0.14/turn              w - ring of protection from cold

@: mighty, glowing
A: sickness immunity, AC +8, negative energy resistance 1, electricity
resistance, torment resistance 1, petrification resistance
a: Renounce Religion, Divine Shield


You were in a Gauntlet.
You worshipped the Shining One.
The Shining One was pleased with you.
You visited 3 branches of the dungeon, and saw 13 of its levels.
You also visited: Gauntlet.

You collected 586 gold pieces.

Inventory:

Hand Weapons
 a - a +2 flail of flaming (weapon)
Missiles
 f - 8 curare-tipped darts (quivered)
Armour
 b - a +0 chain mail
 c - a +0 kite shield (worn)
 m - a +0 helmet (worn)
 E - a +1 cloak of stealth (worn)
 G - a +0 pair of boots (worn)
 I - a +4 ring mail (worn)
Jewellery
 j - a ring of see invisible (left hand)
 r - an amulet of the acrobat (around neck)
 w - a ring of protection from cold (right hand)
 C - a ring of magical power
 F - an amulet of reflection
 H - a +4 ring of protection
Wands
 s - a wand of polymorph (3)
 t - a wand of flame (32)
 y - a wand of mindburst (7)
 B - a wand of digging (4)
Scrolls
 d - 2 scrolls of fog
 e - a scroll of amnesia
 g - a scroll of blinking
 h - 2 scrolls of immolation
 k - a scroll of summoning
 p - 4 scrolls of teleportation
 q - a scroll of magic mapping
 v - a scroll of brand weapon
 z - 3 scrolls of silence
 A - 2 scrolls of enchant armour
 D - 4 scrolls of identify
Potions
 i - a potion of brilliance
 l - a potion of cancellation
 n - 5 potions of curing
 o - a potion of haste
 u - 2 potions of lignification
 x - 3 potions of attraction
 J - a potion of berserk rage
 K - a potion of heal wounds
 L - a potion of might
 M - a potion of flight


   Skills:
 + Level 6.4 Fighting
 * Level 11.6 Maces & Flails
 + Level 7.0 Armour
 + Level 3.5 Dodging
 - Level 2.6 Stealth
 * Level 10.7 Shields
 * Level 4.1 Invocations


You had 10 spell levels left.
You didn't know any spells.
Your spell library contained the following spells:

 Spells                   Type           Power      Damage    Failure   Level
 Animate Skeleton         Necr           0%         N/A       71%         1
 Apportation              Tloc           0%         N/A       71%         1
 Corona                   Hex            0%         N/A       71%         1
 Sting                    Tmut/Pois      0%         1d3       71%         1
 Summon Small Mammal      Summ           0%         N/A       71%         1
 Ensorcelled Hibernation  Hex/Ice        0%         N/A       85%         2
 Poisonous Vapours        Pois/Air       0%         N/A       85%         2
 Confusing Touch          Hex            0%         N/A       97%         3
 Dazzling Flash           Conj/Hex       0%         N/A       97%         3
 Ignite Poison            Fire/Tmut/Pois 0%         N/A       97%         3
 Mephitic Cloud           Conj/Pois/Air  0%         N/A       97%         3
 Tukima's Dance           Hex            0%         N/A       97%         3
 Olgreb's Toxic Radiance  Pois           0%         N/A       100%        4
 Bolt of Magma            Conj/Fire/Erth 0%         4d4       100%        5
 Iskenderun's Battlesphe  Conj           0%         2d6       100%        5
 Iron Shot                Conj/Erth      0%         9d1       100%        6
 Orb of Destruction       Conj           0%         N/A       100%        7
 Spellforged Servitor     Conj/Summ      0%         N/A       100%        7


Dungeon Overview and Level Annotations

Branches:
Dungeon (11/15)            Temple (1/1) D:4            Lair (1/6) D:10
Gauntlet (1/1)
    Orc: D:9-12

Altars:
Ashenzari
Cheibriados
Dithmenos
Elyvilon
Fedhas
Gozag
Hepliaklqana
Kikubaaqudgha
Makhleb
Nemelex Xobeh
Okawaru
Qazlal
Ru
Sif Muna
Trog
Uskayaw
Vehumet
Wu Jian
Xom
Yredelemnul
Zin
The Shining One

Shops:
D:10 (

Annotations:
Gauntlet 11 transporters


Innate Abilities, Weirdness & Mutations

You are immune to sickness and miasma.
Your stone body is resilient. (AC +8)
You are immune to poison.
You resist negative energy. (rN+)
You are resistant to electric shocks. (rElec)
You are resistant to unholy torment.
You are immune to petrification.


Message History

You destroy the large abomination!
The Shining One accepts your kill.
You feel better.
The small abomination hits you but does no damage.
The large abomination closely misses you.
You bludgeon the small abomination!! You burn the small abomination!
The small abomination is almost destroyed.
You block the small abomination's attack. x2
You hit the small abomination. You burn the small abomination.
The small abomination is almost destroyed.
The small abomination barely misses you.
You block the small abomination's attack.
You sock the small abomination! You burn the small abomination.
You destroy the small abomination!
The Shining One accepts your kill.
You feel better.
The small abomination hits you but does no damage.
You hit the small abomination. You burn the small abomination.
The small abomination is moderately damaged.
You block the small abomination's attack.
You thump the small abomination! You burn the small abomination.
The small abomination is severely damaged.
The large abomination barely misses you.
You block the small abomination's attack.
You barely miss the large abomination. The large abomination hits you.
You block the small abomination's attack.
You hit the large abomination but do no damage.
The large abomination hits you!!
You hit the large abomination but do no damage.
The small abomination hits you!
You sock the large abomination! You burn the large abomination!
The large abomination is heavily damaged.
The large abomination hits you but does no damage.
The small abomination hits you!
* * * LOW HITPOINT WARNING * * *
You hit the large abomination. You burn the large abomination.
The large abomination is severely damaged.
The large abomination hits you but does no damage.
The small abomination hits you!
You die...

..§§§§§.#≈#≈#≈#§#§#≈#§
.8..∩§§...........§§§.≈
.©....§.8.....8.§...8.##
#######.......©.......≈#
..≈≈.k#...#########...##
.≈..≈y#...#^#.#..##...≈#
.§≈.§h#...##.#.##.#...##
...≈§≈#...##.##.x##...≈#
≈.≈.§≈#.8.#.#.©#@##.8.#
§≈≈.≈S#...#.##.X#.#...≈#
...≈§.#...##..###.#...##
§...§.#...##(.©[?##...≈#
§©.≈.?#...#########...##
#######.....#.©.#.....≈#
.©.#....8...#.8.#...8.##
...#........#.©.#.....§
.©.#.....###########..


You could see a large abomination and a small abomination.

Vanquished Creatures
  A cyclops (D:11)
  Maurice (D:8)
  A manticore (D:7)
  A cane toad (Lair:1)
  An unseen horror (D:11)
  A large abomination (Gauntlet)
  Sigmund (D:2)
  A yak (shapeshifter) (D:11)
  A wyvern (D:9)
  13 yaks
  A steam dragon (D:10)
  4 small abominations (Gauntlet)
  An acid dragon (D:9)
  2 water moccasins
  2 ice beasts (D:7)
  2 black bears
  An orc warrior (D:9)
  A sky beast (D:5)
  4 necrophages
  4 ogres
  3 wolves (Lair:1)
  4 centaurs
  2 phantoms (D:5)
  3 kobold brigands
  A bullfrog (Lair:1)
  5 gnoll sergeants
  5 scorpions
  A water moccasin zombie (D:5)
  A wyvern skeleton (D:7)
  3 killer bees (D:10)
  6 wights
  7 howler monkeys
  2 vampire bats (D:3)
  2 electric eels
  A bullfrog zombie (D:6)
  3 bullfrog skeletons
  5 orc priests
  2 centaur zombies
  A hound (D:6)
  A gnoll shaman (D:9)
  A centaur skeleton (D:7)
  2 iguanas
  10 orc wizards
  A mummy (D:8)
  A howler monkey zombie (D:6)
  26 gnolls
  7 adders
  A white imp (D:8)
  2 worms
  2 dart slugs
  30 orcs
  5 endoplasms
  6 giant cockroaches
  9 goblins
  4 hobgoblins
  8 jackals
  5 ball pythons
  10 bats
  3 frilled lizards
  13 kobolds
  5 rats
253 creatures vanquished.

Vanquished Creatures (others)
  An orc (D:8)
  19 plants
20 creatures vanquished.

Grand Total: 273 creatures vanquished

Notes
Turn   | Place    | Note
-------+----------+-------------------------------------------
     0 | D:1      | Wyvernaa the Gargoyle Fighter began the quest for the Orb.
     0 | D:1      | Reached XP level 1. HP: 14/14 MP: 1/1
   100 | D:1      | Reached XP level 2. HP: 11/19 MP: 2/2
   532 | D:1      | Found a faded altar of an unknown god.
   866 | D:2      | Noticed Sigmund
   983 | D:2      | Reached XP level 3. HP: 24/24 MP: 3/3
  2002 | D:2      | Reached XP level 4. HP: 29/29 MP: 4/4
  2072 | D:2      | Reached skill level 3 in Maces & Flails
  2471 | D:2      | Killed Sigmund
  2472 | D:2      | Reached skill level 4 in Maces & Flails
  2472 | D:2      | Reached XP level 5. HP: 18/33 MP: 5/5
  2472 | D:2      | Reached XP level 6. HP: 21/38 MP: 6/6
  2677 | D:2      | Reached skill level 1 in Dodging
  3047 | D:3      | Found a broken altar of Ashenzari.
  3146 | D:3      | Reached skill level 5 in Shields
  3977 | D:3      | Reached XP level 7. HP: 43/43 MP: 7/7
  4158 | D:3      | Reached skill level 5 in Maces & Flails
  4498 | D:4      | Found a shimmering altar of Xom.
  4539 | D:4      | Found a staircase to the Ecumenical Temple.
  4944 | D:5      | Entered Level 5 of the Dungeon
  5400 | D:5      | Reached skill level 5 in Armour
  5400 | D:5      | Reached XP level 8. HP: 27/48 MP: 8/8
  5606 | D:5      | Reached skill level 6 in Maces & Flails
  5912 | D:5      | Reached skill level 7 in Maces & Flails
  6286 | D:5      | Found a sparkling altar of Nemelex Xobeh.
  6378 | D:5      | Found an ornate altar of the Wu Jian Council.
  6379 | D:5      | Found a sacrificial altar of Ru.
  6545 | D:6      | Reached XP level 9. HP: 53/53 MP: 9/9
  6625 | D:6      | Reached skill level 1 in Stealth
  6709 | D:6      | Reached skill level 8 in Maces & Flails
  7479 | D:7      | Reached skill level 5 in Fighting
  7894 | D:7      | Reached skill level 9 in Maces & Flails
  8001 | D:7      | Noticed a manticore
  8019 | D:7      | Killed a manticore
  8020 | D:7      | Reached XP level 10. HP: 14/59 MP: 10/10
  8358 | D:8      | Noticed Maurice
  9413 | D:8      | Killed Maurice
  9414 | D:8      | Reached skill level 10 in Maces & Flails
  9735 | D:8      | Found a shimmering blue altar of Sif Muna.
  9764 | D:8      | Found a hazy altar of Hepliaklqana.
  9779 | D:8      | Found a snail-covered altar of Cheibriados.
 10045 | Temple   | Entered the Ecumenical Temple
 10143 | Temple   | Became a worshipper of the Shining One
 10383 | D:9      | Reached skill level 1 in Invocations
 10485 | D:9      | Found a white marble altar of Elyvilon.
 11516 | D:10     | Entered Level 10 of the Dungeon
 11863 | D:10     | Reached * piety under the Shining One
 11988 | D:10     | Found a glowing silver altar of Zin.
 12090 | D:10     | Found a staircase to the Lair.
 12101 | D:10     | Found Tejumn's Weapon Shoppe.
 12102 | D:10     | Identified the +10 falchion of Delightful Purpose {vorpal,
                  | rF+}
 12458 | D:10     | Identified the +7 hunting sling of Destruction {venom,
                  | Int+3}
 12506 | D:11     | Noticed an unseen horror
 12526 | D:11     | Reached XP level 11. HP: 44/64 MP: 13/13
 12531 | D:11     | Reached skill level 11 in Maces & Flails
 12757 | D:11     | Reached skill level 10 in Shields
 12858 | D:11     | Identified the +1 ring mail of Syndicalism {Dex+8}
 12891 | D:11     | Noticed a cyclops
 12913 | D:11     | Killed a cyclops
 12982 | Lair:1   | Entered Level 1 of the Lair of Beasts
 13275 | Lair:1   | Found a gate leading to a gauntlet.
 13284 | Gauntlet | Entered a Gauntlet
 13284 | Gauntlet | Found a transporter.
 13288 | Gauntlet | Noticed a wolf spider
 13290 | Gauntlet | Noticed a sea snake
 13290 | Gauntlet | a wolf spider changed into a sea snake
 13291 | Gauntlet | a sea snake changed into a redback
 13293 | Gauntlet | Found a transporter.
 13293 | Gauntlet | Noticed a death yak
 13294 | Gauntlet | Found a transporter.
 13294 | Gauntlet | Noticed a necromancer
 13295 | Gauntlet | Found a transporter.
 13296 | Gauntlet | Found the +0 pair of fencer's gloves {Riposte Dex+3}
 13296 | Gauntlet | Noticed a death yak
 13298 | Gauntlet | Found a transporter.
 13298 | Gauntlet | Noticed a cyclops
 13298 | Gauntlet | a wind drake changed into a cyclops
 13298 | Gauntlet | Noticed a death yak
 13299 | Gauntlet | Found a transporter.
 13299 | Gauntlet | a cyclops changed into a tarantella
 13303 | Gauntlet | Noticed a dire elephant
 13308 | Gauntlet | Reached ** piety under the Shining One
 13314 | Gauntlet | Noticed a hell beast
 13342 | Gauntlet | Found a transporter.
 13349 | Gauntlet | Found a transporter.
 13352 | Gauntlet | Found a transporter.
 13356 | Gauntlet | Noticed a ghost crab
 13364 | Gauntlet | Found a transporter.
 13365 | Gauntlet | Found a transporter.
 13391 | Gauntlet | Found a transporter.
 13442 | Gauntlet | Noticed a harpy
 13442 | Gauntlet | a wind drake changed into a harpy
 13444 | Gauntlet | Noticed a salamander
 13444 | Gauntlet | Noticed a moth of wrath
 13444 | Gauntlet | a harpy changed into a moth of wrath
 13445 | Gauntlet | a salamander changed into a guardian serpent
 13446 | Gauntlet | a moth of wrath changed into an elephant
 13450 | Gauntlet | Noticed a lindwurm
 13450 | Gauntlet | an elephant changed into a lindwurm
 13453 | Gauntlet | Noticed a cyclops
 13453 | Gauntlet | a lindwurm changed into a cyclops
 13454 | Gauntlet | Noticed a deep troll
 13454 | Gauntlet | a cyclops changed into a deep troll
 13455 | Gauntlet | Noticed a glowing shapeshifter
 13455 | Gauntlet | a deep troll changed into a glowing shapeshifter
 13456 | Gauntlet | Noticed a mana viper
 13456 | Gauntlet | a glowing shapeshifter changed into a mana viper
 13473 | Gauntlet | Noticed a death drake
 13475 | Gauntlet | Noticed a salamander
 13475 | Gauntlet | a death drake changed into a salamander
 13543 | Gauntlet | Slain by a small abomination

Illustrated notes

Levels and vault maps discovered:
D:1:      minmay_arrival_cross, layout_basic, hellmonk_ecumenical_altar_lost_god
D:2:      kennysheep_big_flooded_room, layout_loops_ring,
          chequers_serial_rivers_large_a, uniq_sigmund
D:3:      minmay_recursive_quarters, layout_rooms, overflow_temple_1_default,
          serial_park_tiny_pond, roderic_batcave
D:4:      layout_rooms, lemuel_tele_altar, temple_pool_b
D:5:      layout_cave_pools, gammafunk_temple_overflow_statue,
          nemelex_dance_club_becter, minmay_fountain_box
D:6:      layout_rooms, roderic_st_hans_cross, serial_bayou_lagoon_a
D:7:      layout_loops_ring, minmay_fractal_squares_gapless_5
D:8:      layout_cave_pools, slow_altar_1, lemuel_doored_altar,
          worldfamousw_hep_ancestral_shrine, chequers_jeans, uniq_maurice
D:9:      layout_roguey, elyvilon_altar_3, minivault_22, roderic_three_in_a_row,
          minivault_25
D:10:     layout_loops_ring, nicolae_overflow_crystal_walls, lair_entry_dummy,
          serial_shops, nicolae_shop_waterfront,
          eino_small_chamber_without_monster
D:11:     layout_roguey, orc_0_dummy, maelrawn_ghost_gauntlet_escape
Temple:   minmay_temple_bridge_abc
Lair:1:   layout_cave_pods, gauntlet_entry_generic, serial_bayou,
          serial_bayou_shore_b, serial_bayou_shore_b, serial_bayou_pond_d,
          serial_bayou_pond_a, grunt_megastairs_3, infiniplex_staircase_pool,
          minmay_lair_oklob_chamber
Gauntlet: minmay_gauntlet_mixed_oops_all_seconds [minmay_gauntlet_arena_77_mess,
          nicolae_gauntlet_arena_flowing_pool,
          minmay_gauntlet_arena_77_hold_the_fort,
          gammafunk_gauntlet_arena_teeth, minmay_gauntlet_arena_77_braids,
          gammafunk_gauntlet_arena_chambers, gauntlet_exit_watery]

Skill      XL: |  1  2  3  4  5  6  7  8  9 10 11 |
---------------+----------------------------------+-----
Shields        | 4 5 6 7 8 9 10 | 10.7
Maces & Flails | 4 5 7 9 10 11 | 11.6
Armour         | 4 5 6 7 |  7.0
Fighting       | 4 5 6 |  6.4
Dodging        | 1 2 3 |  3.5
Stealth        | 2 |  2.6
Invocations    | 2 4 |  4.1

Action                   |  1- 3 |  4- 6 |  7- 9 | 10-12 || total
-------------------------+-------+-------+-------+-------++-------
Melee: Flail             |   102 |   125 |   335 |   446 ||  1008
       Unarmed           |       |       |       |     9 ||     9
  Use: Potion            |       |     3 |     1 |     3 ||     7
       Scroll            |       |     7 |     8 |     8 ||    23
 Stab: Sleeping          |       |       |     7 |     3 ||    10
Armor: Scale mail        |    15 |       |       |       ||    15
       Ring mail         |    40 |    71 |       |   162 ||   273
       Shadow dragon sca |       |     4 |   190 |    46 ||   240
       Skin              |       |       |       |     1 ||     1
Dodge: Dodged            |    42 |    59 |    95 |   153 ||   349
Block: Kite shield       |    64 |    85 |   195 |   269 ||   613

Table legend: (Time is in decaauts)
 A = Elapsed time spent in this place.
 B = Non-inter-level travel time spent in this place.
 C = Inter-level travel time spent in this place.
 D = Time resting spent in this place.
 E = Time spent auto-exploring this place.
 F = Levels seen in this place.
 G = Mean time per level.
                   A        B        C        D        E       F      G
               +--------+--------+--------+--------+--------+-----+--------+
         Total |  13756 |  13217 |    539 |   3193 |   6207 |  14 |  982.6 |
       Dungeon |  13082 |  12544 |    538 |   3190 |   6137 |  11 | 1189.3 |
        Temple |    119 |    119 |      0 |      0 |      0 |   1 |  119.0 |
          Lair |    297 |    297 |      0 |      3 |     70 |   1 |  297.0 |
      Gauntlet |    256 |    256 |      0 |      0 |      0 |   1 |  256.0 |
               +--------+--------+--------+--------+--------+-----+--------+

Top non-repeatable levels by time:
     D:7: 2086 daAuts
     D:2: 1907 daAuts
     D:3: 1589 daAuts
     D:5: 1355 daAuts
     D:9: 1226 daAuts
     D:1: 1139 daAuts
    D:10: 1026 daAuts
     D:8: 819 daAuts
     D:4: 806 daAuts
     D:6: 690 daAuts
    D:11: 436 daAuts
  Lair:1: 297 daAuts
Gauntlet: 256 daAuts
  Temple: 119 daAuts
